 Dungeon Crawl Stone Soup version 0.31-a0-851-g7ff8af7976 (webtiles) character file.

Game seed: 5704521264701067289

692 LeprechaunX the Changeling (level 7, -1/46 HPs)
             Began as an Octopode Shapeshifter on Oct 6, 2023.
             Was a Priest of Cheibriados.
             Shot with an arrow by a centaur (6 damage)
             ... on level 6 of the Dungeon.
             The game lasted 00:05:58 (3701 turns).

LeprechaunX the Changeling (Octopode Shapeshifter)  Turns: 3701, Time: 00:05:59

Health: -1/46      AC:  5    Str: 23    XL:     7   Next: 63%
Magic:  9/9        EV: 15    Int: 20    God:    Cheibriados [***...]
Gold:   293        SH:  0    Dex: 20    Spells: 6/6 levels left

rFire   . .          .
                       - Unarmed
rCold   . . .        (no shield)
rNeg    . . .        (helmet currently unavailable)
rPois   .            (no amulet)
rElec   .            h - +4 ring of protection
rCorr   +            y - ring of resist corrosion
SInv    .            A - ring of flight
Will    .....        (no ring)
Stlth   +++          (no ring)
HPRegen 0.27/turn    (no ring)
MPRegen 0.11/turn    (no ring)
                     (no ring)

%: no passive effects
@: beast-form, flying, studying Long Blades, very slow
A: beast (slay +3), almost no armour, amphibious, 8 rings, camouflage 1,
gelatinous body 1, (nimble swimmer 1), tentacles
a: Begin Untransformation, Renounce Religion, Bend Time, Temporal Distortion


You were on level 6 of the Dungeon.
You worshipped Cheibriados.
Cheibriados was most pleased with you.
You were a hulking beast.
You visited 1 branch of the dungeon, and saw 6 of its levels.

You collected 293 gold pieces.

Inventory:

Hand Weapons
 a - a +0 sling
Missiles
 l - 6 boomerangs (quivered)
Jewellery
 h - a +4 ring of protection (left tentacle)
 y - a ring of resist corrosion (right tentacle)
 A - a ring of flight (on tentacle)
Talismans
 b - a beast talisman (active)
 c - a flux talisman
 F - a maw talisman
Wands
 C - a wand of mindburst (16)
 D - a wand of digging (5)
Scrolls
 f - 2 scrolls of fog {unknown}
 g - a scroll of noise {unknown}
 i - 6 scrolls of identify {unknown}
 m - 2 scrolls of teleportation {unknown}
 n - a scroll of enchant armour {unknown}
 o - 2 scrolls of enchant weapon {unknown}
 q - 2 scrolls of blinking {unknown}
 r - a scroll of poison {unknown}
 t - a scroll of revelation {unknown}
 w - 2 scrolls of summoning {unknown}
 z - 2 scrolls of silence {unknown}
Potions
 d - a potion of cancellation {unknown}
 e - a potion of haste {unknown}
 j - a potion of curing {unknown}
 k - a potion of resistance {unknown}
 p - a potion of brilliance {unknown}
 s - a potion of lignification
 u - 3 potions of invisibility {unknown}
 v - 2 potions of mutation {unknown}
 x - 3 potions of heal wounds {unknown}
 B - a potion of might {unknown}
 E - a potion of ambrosia {unknown}


   Skills:
 + Level 3.2 Fighting
 + Level 3.9 Dodging
 + Level 4.3 Unarmed Combat
 + Level 3.2 Invocations
 * Level 5.2 Shapeshifting


You had 6 spell levels left.
You didn't know any spells.
Your spell library contained the following spells:

 Spells                   Type           Power      Damage    Failure   Level
 Shock                    Conj/Air       0%         1d3       19%         1
 Ignite Poison            Fire/Tmut/Pois 0%         N/A       50%         3
 Swiftness                Air            0%         N/A       50%         3
 Airstrike                Air            0%         2d(0-16)  88%         4


Dungeon Overview and Level Annotations

Branches:
Dungeon (6/15)             Temple (0/1) D:4

Altars:
Cheibriados
Fedhas

Shops:
D:2 (

Annotations:
D:6 Jeremiah


Innate Abilities, Weirdness & Mutations

You are a hulking beast.
Your limbs bulge with bestial killing power. (Slay +3)
You cannot wear most types of armour.
You are amphibious.
You can wear up to eight rings at the same time.
Your skin changes colour to match your surroundings (Stealth+).
Your rubbery body absorbs attacks. (AC +1, EV +1)
((You are camouflaged when in or above water. (Stealth+)))
You have tentacles for arms and can constrict up to eight enemies at once.


Message History

You fly downwards.
Found a white potion.
There is a stone staircase leading up here.
Found a maw talisman.
A centaur comes into view.
A centaur is nearby!
A centaur is nearby!
A centaur opens the door.
No target in view!
No target in view!
E - a white potion
There are no items here.
Found 13 gold pieces.
You see here a maw talisman.
F - a maw talisman You pick up a book of Air and begin reading...
You add the spell Shock to your library.
You now have 293 gold pieces (gained 13).
There is an open door here.
Found a stone staircase leading down.
A centaur is nearby!
A centaur is nearby!
A centaur is nearby!
Jeremiah, an adder and an iguana come into view.
Jeremiah is wielding a +4 trident of draining and wearing an orb of mayhem.
The centaur shouts!
You hear a shout!
You hear an angry hiss.
The centaur wields a +0 shortbow.
The centaur shoots an arrow.
The arrow hits you!
The centaur shoots an arrow.
The arrow completely misses you.
The centaur shoots an arrow.
The arrow barely misses you.
Jeremiah lets out a twisted cry.
Something smites you!
The centaur shoots an arrow.
The arrow hits you!
* * * LOW HITPOINT WARNING * * *
Jeremiah says, "Oh, this is an awfully strange dream."
The centaur shoots an arrow.
The arrow hits you!
* * * LOW HITPOINT WARNING * * *
You hear an angry hiss.
There is a stone staircase leading down, spattered with blood here.
The centaur shoots an arrow.
The arrow hits you.
You die...

' #..bFb####
#...c..c.#
#...b..#.#
.....S#.# ...
..#.########## #'#
#.#.#.........
#.###.#.#.####.##.
#h..l.............
#.#####.#.####....
#.#####.#.# .
#....##.#.#
#....##.#.#
#....##.#.#
#.#####.#.# #.#<#
#.#.# #.#.###.#.#


You could see Jeremiah, a centaur and an iguana (wandering).

Vanquished Creatures
  Duvessa (D:5)
  A phantom (D:4)
  A bullfrog (D:4)
  Dowan (D:5)
  A jelly (D:5)
  2 hounds (D:5)
  3 sleepcaps
  Ijyb (D:5)
  Terence (D:3)
  2 iguanas
  5 adders
  An ufetubus (D:5)
  3 worms
  2 dart slugs (D:1)
  8 orcs
  3 bats
  5 endoplasms
  3 giant cockroaches
  A goblin (D:2)
  7 hobgoblins
  2 jackals (D:4)
  3 quokkas
  3 ball pythons
  2 frilled lizards
  6 kobolds
  4 rats
72 creatures vanquished.

Notes
Turn   | Place    | Note
-------+----------+-------------------------------------------
     0 | D:1      | LeprechaunX the Octopode Shapeshifter began the quest for
                  | the Orb.
     0 | D:1      | Reached XP level 1. HP: 13/13 MP: 1/1
   106 | D:1      | Found a faded altar of an unknown god.
   116 | D:1      | Prayed at the altar of an unknown god.
   116 | D:1      | Became a worshipper of Cheibriados the Contemplative
   116 | D:1      | Reached * piety under Cheibriados
   166 | D:1      | Reached XP level 2. HP: 14/18 MP: 2/2
   549 | D:2      | Reached XP level 3. HP: 12/23 MP: 3/3
   769 | D:2      | Reached ** piety under Cheibriados
   784 | D:2      | Reached skill level 1 in Invocations
   933 | D:2      | Reached XP level 4. HP: 29/29 MP: 4/4
  1121 | D:2      | Found Varph's Antique Weapon Shop.
  1504 | D:3      | Noticed Terence
  1511 | D:3      | Killed Terence
  1765 | D:3      | Found a blossoming altar of Fedhas.
  1920 | D:4      | Reached XP level 5. HP: 34/34 MP: 6/6
  2134 | D:4      | Reached skill level 4 in Shapeshifting
  2205 | D:4      | Reached *** piety under Cheibriados
  2253 | D:4      | Found a staircase to the Ecumenical Temple.
  2350 | D:4      | Noticed a phantom
  2361 | D:4      | Killed a phantom
  2362 | D:4      | Reached XP level 6. HP: 30/41 MP: 7/7
  2462 | D:4      | Got a black book
  2821 | D:5      | Entered Level 5 of the Dungeon
  2875 | D:5      | Noticed Ijyb
  2887 | D:5      | Killed Ijyb
  3060 | D:5      | Noticed Duvessa
  3061 | D:5      | Noticed Dowan
  3071 | D:5      | Killed Duvessa
  3072 | D:5      | Reached XP level 7. HP: 37/45 MP: 9/9
  3080 | D:5      | Killed Dowan
  3081 | D:5      | Reached skill level 5 in Shapeshifting
  3678 | D:6      | Noticed Jeremiah
  3701 | D:6      | Shot with an arrow by a centaur

Illustrated notes

Levels and vault maps discovered:
D:1:      doesnt_arrival_eight_statues, layout_rooms,
          hellmonk_ecumenical_altar_run_dry
D:2:      layout_loops_ring, serial_shops, shop_fountains
D:3:      layout_basic, fedhas_altar_1, uniq_terence
D:4:      layout_loops_ring, minmay_temple_entry_statues, serial_bayou,
          serial_bayou_ford_a, serial_bayou_shore_a, serial_bayou_lake_a,
          serial_bayou_pond_a, serial_bayou_lagoon_a, serial_bayou_shore_b,
          serial_park_tiny_1, minmay_misc_feat_doors, minmay_manual_moon
D:5:      layout_basic, uniq_ijyb, uniq_duvessa
D:6:      layout_basic, grunt_qazlal_clouds, minmay_lizard_king, uniq_jeremiah,
          uniq_prince_ribbit1

Skill      XL: |  1  2  3  4  5  6  7 |
---------------+----------------------+-----
Invocations    | 1 2 3 |  3.2
Fighting       | 2 3 |  3.2
Dodging        | 3 |  3.9
Shapeshifting  | 4 5 |  5.2
Unarmed Combat | 4 |  4.3

Action                     |  1- 3 |  4- 6 |  7- 9 || total
---------------------------+-------+-------+-------++-------
  Melee: Unarmed           |    36 |   104 |    23 ||   163
         Constrict         |    13 |    25 |     5 ||    43
         Tentacles         |     6 |    24 |     4 ||    34
         Punch             |     2 |     5 |       ||     7
  Throw: Boomerang         |       |     4 |     4 ||     8
   Stab: Sleeping          |     8 |     8 |     3 ||    19
 Armour: Skin              |    10 |    36 |    12 ||    58
  Dodge: Dodged            |    17 |    53 |    21 ||    91

Table legend: (Time is in decaauts)
 A = Elapsed time spent in this place.
 B = Non-inter-level travel time spent in this place.
 C = Inter-level travel time spent in this place.
 D = Time resting spent in this place.
 E = Time spent auto-exploring this place.
 F = Levels seen in this place.
 G = Mean time per level.
                   A        B        C        D        E       F      G
               +--------+--------+--------+--------+--------+-----+--------+
         Total |   5162 |   4864 |    298 |    107 |   4022 |   6 |  860.3 |
       Dungeon |   5162 |   4864 |    298 |    107 |   4022 |   6 |  860.3 |
               +--------+--------+--------+--------+--------+-----+--------+

Top non-repeatable levels by time:
     D:4: 1292 daAuts
     D:5: 1192 daAuts
     D:2: 982 daAuts
     D:3: 888 daAuts
     D:1: 691 daAuts
     D:6: 114 daAuts
